 Dungeon Crawl Stone Soup version 0.25.0 (webtiles) character file.

Game seed: 13875327249269889358

1474824 gruber the Merry Centaur (level 27, -4/287 (288) HPs)
             Began as a Centaur Hunter on June 12, 2020.
             Was the Champion of the Shining One.
             Killed by a mummy priest's death curse (13 damage)
             ... on level 3 of the Tomb of the Ancients on June 13, 2020.
             The game lasted 04:35:22 (146664 turns).

gruber the Merry Centaur (Centaur Hunter)         Turns: 146664, Time: 04:35:23

HP:   -4/287 (288)  AC: 31    Str: 20 (28) XL:     27
MP:   18/44         EV: 17    Int: 27      God:    the Shining One [******]
Gold: 10319         SH:  0    Dex:  8      Spells: 41/60 levels left

rFire    + + .     SeeInvis +   g - +9 longbow (holy)
rCold    + + +     Gourm    .   (shield currently unavailable)
rNeg     + + +     Faith    .   v - +1 faerie dragon scales {+Fly rF- rC+ rCorr Slay+2 Clar}
rPois    +         Spirit   .   L - +4 hat "Jidamamidi" {Str+4 Int+9 SInv}
rElec    +         Reflect  .   K - +0 cloak of Tortured Leaves {+Inv rF++ Int+4 Dex-4} (curse)
rCorr    +         Harm     .   M - +0 pair of gloves of the Locust {rF+ rC++ Regen+ Str-2}
MR       +++..     Clarity  +   y - +0 centaur barding of the Planets {*Drain Str+2 Slay+5}
Stlth    +.........             V - amulet of Vitality {Regen+ HP+15}
HPRegen  0.00/turn              Q - ring of the Lobster {rElec Str+4 Int+2 Slay+3 Stlth+}
MPRegen  0.29/turn              a - ring of Tohaw {rPois MR+ SInv}

@: lethally poisoned (-4 -> -32), very slightly contaminated, non-regenerating,
diseased, hasted and slowed, glowing, studying 2 skills, very quick
A: large, hooves 3, clever 1, clumsy 1, cold resistance 1, deformed body,
deterioration 1, speed 2, tough skin 3, weak 2, subdued magic 1
}: 14/15 runes: barnacled, slimy, silver, iron, obsidian, icy, bone, abyssal,
demonic, glowing, magical, fiery, dark, gossamer
a: Divine Shield, Cleansing Flame, Summon Divine Warrior, Renounce Religion,
Evoke Invisibility, Evoke Flight


You were on level 3 of the Tomb of the Ancients.
You worshipped the Shining One.
The Shining One was exalted by your worship.
You were hungry.

You visited 18 branches of the dungeon, and saw 90 of its levels.
You visited Pandemonium 1 time, and saw 14 of its levels.
You visited the Abyss 1 time.
You visited 2 bazaars.
You also visited: Ossuary, Wizlab and Desolation.

You collected 15716 gold pieces.
You spent 5397 gold pieces at shops.

Inventory:

Hand Weapons
 g - a +9 longbow of holy wrath (weapon)
 m - the +2 longbow of Lies {speed, Int+2}
   (Okawaru gifted it to you on level 2 of the Spider Nest)

   Attacks with this weapon are significantly faster.
   It affects your intelligence (+2).
 P - the +7 executioner's axe of Nofovon {vorpal, rPois rN+ MR+}
   (Okawaru gifted it to you in the Vestibule of Hell)

   It inflicts extra damage upon your enemies.
   It protects you from poison.
   It protects you from negative energy.
   It affects your resistance to hostile enchantments.
 Y - the +8 mithril axe "Arga" {speed, MR+}
   (You found it on level 1 of the Crypt)

   Attacks with this weapon are significantly faster.
   It affects your resistance to hostile enchantments.
Missiles
 b - 6 curare-tipped darts
 d - 471 arrows (quivered)
Armour
 v - the +1 faerie dragon scales (worn) {+Fly rF- rC+ rCorr Slay+2 Clar}
   (You took it off the Enchantress on level 4 of the Depths)

   It affects your accuracy and damage with ranged weapons and melee attacks
   (+2).
   It makes you vulnerable to fire.
   It protects you from cold.
   It lets you fly.
   It protects you against confusion.
   It provides partial protection from all sources of acid and corrosion.
 y - the +0 centaur barding of the Planets (worn) {*Drain Str+2 Slay+5}
   (Okawaru gifted it to you on level 3 of the Depths)

   It affects your strength (+2).
   It affects your accuracy and damage with ranged weapons and melee attacks
   (+5).
   It causes draining when unequipped.
 K - the cursed +0 cloak of Tortured Leaves (worn) {+Inv rF++ Int+4 Dex-4}
   (You found it in Pandemonium)

   It affects your intelligence (+4).
   It affects your dexterity (-4).
   It greatly protects you from fire.
   It lets you turn invisible.
   It has a curse placed upon it.
 L - the +4 hat "Jidamamidi" (worn) {Str+4 Int+9 SInv}
   (You found it on level 1 of the Spider Nest)

   It affects your strength (+4).
   It affects your intelligence (+9).
   It lets you see invisible.
 M - the +0 pair of gloves of the Locust (worn) {rF+ rC++ Regen+ Str-2}
   (You bought it in a shop on level 1 of the Orcish Mines)

   It affects your strength (-2).
   It protects you from fire.
   It greatly protects you from cold.
   It increases your rate of regeneration.
Jewellery
 a - the ring of Tohaw (right hand) {rPois MR+ SInv}
   (You bought it in a shop in a bazaar)

   [ring of poison resistance]

   It protects you from poison.
   It affects your resistance to hostile enchantments.
   It lets you see invisible.
 e - the ring of the Equinox {rF+ rC+ Int-3 Slay+2}
   (You found it in the Desolation of Salt)

   [ring of protection from fire]

   It affects your intelligence (-3).
   It affects your accuracy and damage with ranged weapons and melee attacks
   (+2).
   It protects you from fire.
   It protects you from cold.
 o - the ring "Vauwott" {+Fly rPois rF+ Str+2}
   (You found it in the Desolation of Salt)

   [ring of poison resistance]

   It affects your strength (+2).
   It protects you from fire.
   It protects you from poison.
   It lets you fly.
 x - the ring "Damnable Contraption" {rC++ rN+ Dex-3 Stlth-}
   (You took it off Antaeus on level 7 of Cocytus)

   [ring of attention]

   It affects your dexterity (-3).
   It greatly protects you from cold.
   It protects you from negative energy.
   It makes you less stealthy.
 Q - the ring of the Lobster (left hand) {rElec Str+4 Int+2 Slay+3 Stlth+}
   (You found it on level 4 of the Shoals)

   [ring of stealth]

   It affects your strength (+4).
   It affects your intelligence (+2).
   It affects your accuracy and damage with ranged weapons and melee attacks
   (+3).
   It insulates you from electricity.
   It makes you more stealthy.
 V - the amulet of Vitality (around neck) {Regen+ HP+15}
   (You found it on level 3 of the Elven Halls)

   [amulet of regeneration]

   It affects your health (+15).
   It increases your rate of regeneration.
Wands
 i - a wand of disintegration (9)
 n - a wand of acid (50)
 z - a wand of digging (27)
 J - a wand of enslavement (9)
 R - a wand of paralysis (6)
 S - a wand of iceblast (44)
Scrolls
 h - 9 scrolls of blinking
 q - 2 scrolls of summoning
 s - 8 scrolls of fog
 C - 39 scrolls of remove curse
 D - 27 scrolls of teleportation
 E - 13 scrolls of magic mapping
 H - 22 scrolls of identify
 I - a scroll of amnesia
 N - 4 scrolls of silence
 U - 9 scrolls of fear
Potions
 c - 6 potions of stabbing
 j - 2 potions of resistance
 k - 12 potions of flight
 l - 4 potions of magic
 p - 5 potions of berserk rage
 r - 14 potions of curing
 t - 5 potions of heal wounds
 w - 2 potions of might
 B - 7 potions of cancellation
 F - 9 potions of brilliance
 G - 5 potions of haste
 W - 11 potions of lignification
 Z - 10 potions of ambrosia
Books
 A - a manual of Polearms
 X - a manual of Maces & Flails
Miscellaneous
 u - 5 phantom mirrors
Comestibles
 f - 81 rations


   Skills:
 O Level 27 Fighting
 O Level 27 Axes
 - Level 8.0(19.8) Maces & Flails
 O Level 27 Bows
 O Level 27 Armour
 * Level 24.5 Dodging
 - Level 0.4 Stealth
 - Level 17.2 Spellcasting
 - Level 6.4 Hexes
 - Level 22.4 Translocations
 - Level 17.0 Invocations


You had 41 spell levels left.
You knew the following spells:

 Your Spells              Type           Power        Failure   Level  Hunger
a - Portal Projectile     Hex/Tloc       ######       0%          3    None
b - Apportation           Tloc           ######       0%          1    None
c - Blink                 Tloc           N/A          0%          2    None
d - Silence               Hex/Air        ####......   14%         5    None
e - Controlled Blink      Tloc           N/A          1%          8    ######.

Your spell library contained the following spells:

 Spells                   Type           Power        Failure   Level  Hunger
 Shroud of Golubria       Chrm/Tloc      ######       0%          2    None
 Gell's Gravitas          Tloc           #######...   0%          3    None
 Lesser Beckoning         Tloc           #######...   0%          3    None
 Teleport Other           Tloc           #######.     0%          3    None
 Passage of Golubria      Tloc           N/A          0%          4    None
 Animate Skeleton         Necr           N/A          1%          1    None
 Corona                   Hex            #####..      1%          1    None
 Foxfire                  Conj/Fire      ###.         1%          1    None
 Freeze                   Ice            ###.         1%          1    None
 Magic Dart               Conj           ###.         1%          1    None
 Pain                     Necr           ###.         1%          1    None
 Sandblast                Erth           ###...       1%          1    None
 Shock                    Conj/Air       ###.         1%          1    None
 Sting                    Tmut/Pois      ###.         1%          1    None
 Summon Butterflies       Summ           ###.....     1%          1    None
 Summon Small Mammal      Summ           ###.         1%          1    None
 Ensorcelled Hibernation  Hex/Ice        ####..       1%          2    None
 Slow                     Hex            #####...     1%          2    None
 Confusing Touch          Hex            #####...     1%          3    None
 Dazzling Flash           Conj/Hex       ####..       1%          3    None
 Inner Flame              Hex/Fire       ####....     1%          3    None
 Recall                   Summ/Tloc      N/A          1%          3    None
 Spectral Weapon          Hex/Chrm       ####....     1%          3    None
 Summon Guardian Golem    Hex/Summ       ####....     1%          3    None
 Tukima's Dance           Hex            #####...     1%          3    None
 Cause Fear               Hex            #####.....   1%          4    None
 Iskenderun's Mystic Bla  Conj/Tloc      ######..     1%          4    None
 Call Imp                 Summ           ###.....     2%          2    None
 Corpse Rot               Necr/Air       N/A          2%          2    None
 Passwall                 Tmut/Erth      ###.....     2%          2    None
 Poisonous Vapours        Pois/Air       ###...       2%          2    None
 Searing Ray              Conj           ###...       2%          2    None
 Song of Slaying          Chrm           ###.....     2%          2    None
 Sublimation of Blood     Necr           ###.......   2%          2    None
 Swiftness                Chrm/Air       ###.....     2%          2    None
 Fulminant Prism          Conj/Hex       ####......   4%          4    None
 Leda's Liquefaction      Hex/Erth       ####......   4%          4    None
 Call Canine Familiar     Summ           ###.....     5%          3    None
 Conjure Flame            Conj/Fire      ###.....     5%          3    None
 Frozen Ramparts          Ice            ###...       5%          3    None
 Ignite Poison            Fire/Tmut/Pois ###.....     5%          3    None
 Mephitic Cloud           Conj/Pois/Air  ###.....     5%          3    None
 Ozocubu's Armour         Chrm/Ice       ###.....     5%          3    None
 Static Discharge         Conj/Air       ###.....     5%          3    None
 Stone Arrow              Conj/Erth      ###...       5%          3    None
 Vampiric Draining        Necr           ###.......   5%          3    None
 Metabolic Englaciation   Hex/Ice        ####......   14%         5    None
 Summon Mana Viper        Hex/Summ       ####....     14%         5    None
 Yara's Violent Unravell  Hex/Tmut       ####......   14%         5    None
 Malign Gateway           Summ/Tloc      ######....   16%         7    #####..
 Airstrike                Air            ###.......   19%         4    None
 Animate Dead             Necr           N/A          19%         4    None
 Dispel Undead            Necr           ###.....     19%         4    None
 Hailstorm                Conj/Ice       ###.....     19%         4    None
 Olgreb's Toxic Radiance  Pois           ###.....     19%         4    None
 Petrify                  Tmut/Erth      ###.....     19%         4    None
 Sticky Flame             Conj/Fire      ###.....     19%         4    None
 Summon Ice Beast         Ice/Summ       ###.....     19%         4    None
 Summon Lightning Spire   Summ/Air       ###.....     19%         4    None
 Darkness                 Hex            #####.....   21%         6    ###....
 Invisibility             Hex            #####...     21%         6    ###....
 Agony                    Necr           ###.....     50%         5    None
 Alistair's Intoxication  Tmut/Pois      ###.....     50%         5    None
 Bolt of Magma            Conj/Fire/Erth ###.......   50%         5    None
 Borgnjor's Vile Clutch   Necr/Erth      ###.......   50%         5    None
 Excruciating Wounds      Chrm/Necr      ###.......   50%         5    None
 Fireball                 Conj/Fire      ###.......   50%         5    None
 Irradiate                Conj/Tmut      ###.......   50%         5    None
 Iskenderun's Battlesphe  Conj/Chrm      ###.....     50%         5    None
 Lee's Rapid Deconstruct  Erth           ###.......   50%         5    None
 Lightning Bolt           Conj/Air       ###.......   50%         5    None
 Conjure Ball Lightning   Conj/Air       ###.......   97%         6    ###....
 Death Channel            Necr           ###.......   97%         6    ###....
 Eringya's Noxious Bog    Tmut/Pois      ###.......   97%         6    ###....
 Freezing Cloud           Conj/Ice/Air   ###.......   97%         6    ###....
 Iron Shot                Conj/Erth      ###.......   97%         6    ###....
 Shadow Creatures         Summ           N/A          97%         6    ###....
 Simulacrum               Ice/Necr       ###.......   97%         6    ###....
 Statue Form              Tmut/Erth      ###......    97%         6    ###....
 Monstrous Menagerie      Summ           ###.......   100%        7    #####..
 Orb of Destruction       Conj           ###.......   100%        7    #####..
 Ring of Flames           Chrm/Fire      ###.......   100%        7    #####..
 Spellforged Servitor     Conj/Summ      ###.......   100%        7    #####..
 Summon Greater Demon     Summ           ###.......   100%        7    #####..
 Summon Hydra             Summ           ###.......   100%        7    #####..
 Discord                  Hex            #####.....   100%        8    ######.
 Ignition                 Fire           ###.......   100%        8    ######.
 Infestation              Necr           ###.......   100%        8    ######.
 Summon Horrible Things   Summ           ###.......   100%        8    ######.
 Dragon's Call            Summ           ###.......   100%        9    #######
 Shatter                  Erth           ###.......   100%        9    #######
 Tornado                  Air            ###.......   100%        9    #######


Dungeon Overview and Level Annotations

Branches:
Dungeon (15/15)            Temple (1/1) D:5            Lair (6/6) D:8
 Shoals (4/4) Lair:2       Spider (4/4) Lair:3        Slime (5/5) Lair:6
    Orc (2/2) D:9             Elf (3/3) Orc:2        Vaults (5/5) D:14
  Crypt (3/3) Vaults:2       Tomb (3/3) Crypt:3      Depths (5/5) D:15
   Hell (visited)             Dis (7/7) Hell            Geh (7/7) Hell
    Coc (7/7) Hell            Tar (7/7) Hell            Zot (5/5) Depths:5
Ossuary (visited)          WizLab (visited)         Desolation (visited)

Altars:
Ashenzari
Cheibriados
Dithmenos
Elyvilon
Gozag
Hepliaklqana
Makhleb
Nemelex Xobeh
Okawaru
Qazlal
Ru
Sif Muna
Trog
Uskayaw
Vehumet
Wu Jian
Xom
Yredelemnul
Zin
The Shining One
Beogh
Jiyva
Lugonu

Shops:
D:4 (   Orc:1 **(   Orc:2 }***   Elf:1 %   Elf:2 !   Shoals:4 :   Vaults:1 :
Vaults:2 [   Vaults:4 *[%?

Portals:
Hell: Lair:6 Depths:1 Depths:2 Depths:3 Depths:4 Depths:5
Abyss: Depths:1 Depths:2 Depths:3 Depths:4
Pandemonium: Depths:3 Depths:4
Ziggurat: Depths:2
Trove: Depths:1 (give +3 shadow dragon scales)

Annotations:
D:13 1 runed translucent door, exclusion: orange crystal statue
Tomb:3 Khufu
Depths:5 6 runed translucent doors


Innate Abilities, Weirdness & Mutations

You have hooves in place of feet.
Armour fits poorly on your strangely shaped body.
You cover ground very quickly.
You have extremely tough skin. (AC +3)
Your mind is acute. (Int +2)
You are clumsy. (Dex -2)
Your flesh is cold resistant. (rC+)
Your body sometimes deteriorates upon taking damage.
You are very weak. (Str -4)
Your spells are a little easier to cast, but a little less powerful.


Message History

You resist.
The golden flame engulfs the mummy priest!!!
The mummy priest writhes in agony!
You destroy the mummy priest!
The Shining One accepts your kill.
The golden flame engulfs the wight!!!
The wight writhes in agony!
You destroy the wight!
The golden flame engulfs the mummy priest!!!
The mummy priest writhes in agony!
You destroy the mummy priest!
The Shining One accepts your kill.
You feel better.
You feel your power returning.
The phantasmal warrior disappears in a puff of smoke!
You feel somewhat more hungry.
You feel extremely nervous for a moment...
Pain shoots through your body!!
* * * LOW HITPOINT WARNING * * *
You feel extremely nervous for a moment...
Pain shoots through your body!
You die...

########
#@(§(°.#
#§..^.†#
#§§°(§$#
#§§§8..#
#§§(§.8#
#..§((8#
.'.((((.MM
(#^.(.(.#.
(.#.(^(.(#(.


You could see Khufu, a guardian mummy and 3 ushabtiu.

Vanquished Creatures
  Cerebov (Pan)
  Antaeus (Coc:7)
  the Royal Jelly (Slime:5)
  Asmodeus (Geh:7)
  Ereshkigal (Tar:7)
  Gloorx Vloq (Pan)
  Mnoleg (Pan)
  Lom Lobon (Pan)
  Dispater (Dis:7)
  An orb of fire (Zot:2)
  3 ancient liches
  2 juggernauts
  Mennas (Tomb:2)
  Sojobo (Tomb:2)
  35 greater mummies
  The ghost of Houmnergh the Rich, a master GnTm of Gozag (Crypt:1)
  13 shard shrikes
  Frederick (Crypt:2)
  9 pandemonium lords (Pan)
  Bai Suzhen (Shoals:3)
  Margery (Depths:4)
  Saint Roka (Depths:2)
  Geryon (Hell)
  Nikola (Shoals:3)
  12 golden dragons
  30 bone dragons
  Arachne (Spider:3)
  21 liches
  8 iron giants
  the Enchantress (Depths:4)
  38 Brimstone Fiends
  55 Tzitzimimeh
  5 electric golems
  The ghost of Raspi the Slayer, an adept MiBe of Trog (Elf:2)
  16 doom hounds
  Jorgrun (Spider:3)
  17 tentacled monstrosities
  8 Hell Sentinels
  41 Ice Fiends
  A Cloud Mage (WizLab)
  Rupert (D:14)
  7 deep elf master archers
  18 titans
  8 deep elf blademasters
  9 Orb Guardians
  32 Executioners
  11 quicksilver dragons
  2 krakens
  Agnes (Spider:3)
  10 sphinxes
  Gastronok (Lair:2)
  4 tentacled starspawn
  An eldritch tentacle (Pan)
  28 acid blobs
  23 ancient champions
  A shadow dragon (shapeshifter) (Vaults:5)
  11 death cobs
  10 tengu reavers
  8 revenants
  23 shadow dragons
  6 warmongers (Pan)
  16 storm dragons
  Ilsuiw (Shoals:3)
  Donald (Elf:3)
  8 azure jellies
  19 frost giants
  13 deep elf sorcerers
  Roxanne (Spider:4)
  2 daevas (Pan)
  12 iron dragons
  2 draconian monks
  32 fire giants
  5 draconian scorchers
  3 imperial myrmidons (Desolation)
  2 orc warlords
  3 ghost moths
  2 draconian knights
  36 cacodemons
  16 vault wardens
  Louise (Elf:3)
  41 balrugs
  Aizul (Elf:3)
  3 curse skulls
  A draconian stormcaller (Zot:4)
  2 draconian shifters
  5 emperor scorpions
  4 ghouls
  7 draconian annihilators
  4 deep elf elementalists
  6 spriggan defenders
  115 reapers
  47 stone giants
  17 ironheart preservers
  28 war gargoyles
  22 very ugly things
  6 blood saints (Pan)
  4 elemental wellsprings
  5 corrupters (Pan)
  7 entropy weavers
  5 deep elf demonologists
  8 vampire knights
  9 bennus
  14 deep elf annihilators
  15 lorocyprocas
  4 black suns (Pan)
  5 red draconians
  17 green draconians
  A halazid warlock (Desolation)
  10 purple draconians
  6 white draconians
  11 yellow draconians
  17 black draconians
  7 crystal guardians
  Snorg (Lair:6)
  26 spark wasps
  2 eidola (Tar:7)
  33 blizzard demons
  9 green deaths (Pan)
  16 jiangshi
  6 merfolk javelineers
  14 quicksilver dragon zombies
  22 mummy priests
  9 ettins
  5 death oozes (Slime:5)
  13 deep elf death magi
  10 merfolk impalers
  A fire dragon (shapeshifter) (Vaults:5)
  The ghost of Matius the Cleaver, a journeyman DDCK of Xom (Spider:1)
  20 yaktaur captains
  9 ragged hierophants (Desolation)
  Erolcha (Orc:1)
  A great orb of eyes (shapeshifter) (Abyss:3)
  16 great orbs of eyes
  8 servants of whispers (Desolation)
  3 kraken zombies
  3 ghost crabs
  6 hydras
  4 deep elf high priests
  Fannar (Lair:1)
  33 vault guards
  4 hell beasts
  38 ice dragons
  8 peacekeepers (Desolation)
  9 fire dragons
  12 spriggan air magi
  2 monstrous demonspawn
  12 rakshasas
  2 catoblepae (Lair:6)
  11 quicksilver dragon skeletons
  3 merfolk avatars
  12 centaur warriors
  21 dancing weapons
  7 death knights
  52 two-headed ogres
  A queen ant (shapeshifter) (Abyss:3)
  19 ogre magi
  7 tengu warriors
  9 merfolk aquamancers
  3 satyrs
  7 deep troll earth magi
  An alligator (Lair:6)
  10 deep troll shamans
  11 death yaks (Lair:4)
  2 orc high priests
  11 spriggan berserkers
  10 vampire magi
  13 titan zombies
  6 thrashing horrors
  44 death scarabs
  Urug (Lair:3)
  10 titan skeletons
  50 hell hogs
  97 hell knights
  9 storm dragon zombies
  91 sun demons
  40 soul eaters
  22 shadow wraiths
  29 iron golems
  36 deep elf knights
  24 iron trolls
  9 death drakes
  13 golden dragon zombies
  31 sixfirhies
  A spark wasp zombie (Depths:2)
  2 wretched stars (Abyss:3)
  A glowing orange brain (shapeshifter) (Depths:3)
  8 infernal demonspawn (Pan)
  236 skeletal warriors
  5 storm dragon skeletons
  8 ghost moth zombies
  5 gelid demonspawn (Pan)
  3 torturous demonspawn (Pan)
  26 deep trolls
  9 glowing orange brains
  31 phantasmal warriors
  41 large abominations
  The ghost of nihilominus the Cleaver, a novice DDFi of Makhleb (D:7)
  21 flayed ghosts
  20 anaconda zombies
  15 sea snakes
  15 anaconda skeletons
  33 shadow demons
  15 unseen horrors
  25 deep elf archers
  14 ironbrand convokers
  A kraken simulacrum (Coc:6)
  5 wizards
  14 orc knights
  9 wolf spider zombies
  A harpy (shapeshifter) (D:15)
  7 golden dragon skeletons
  15 orb spiders
  19 shadow dragon zombies
  An iron giant skeleton (Crypt:3)
  4 oklob plants
  70 deep elf magi
  13 frost giant zombies
  32 necromancers
  6 iron dragon zombies
  3 orc sorcerers
  14 harpies
  59 ugly things
  9 manticores
  14 fauns
  14 fire giant zombies
  11 shadow dragon skeletons
  A salamander (Geh:7)
  11 cyclopes
  9 shining eyes
  A shining eye (shapeshifter) (D:15)
  34 wolf spiders
  A worldbinder (Abyss:3)
  A moth of wrath (shapeshifter) (Vaults:5)
  9 stone giant zombies
  10 frost giant skeletons
  3 centaur zombies
  11 dire elephant zombies
  13 fire giant skeletons
  2 black mambas
  27 moths of wrath
  2 eyes of devastation
  14 iron dragon skeletons
  2 ice statues (Hell)
  15 stone giant skeletons
  5 elephants
  12 merfolk sirens
  A water nymph (shapeshifter) (D:15)
  4 shock serpent zombies
  A torpor snail (Spider:2)
  7 guardian serpents (Desolation)
  2 water nymphs
  4 apocalypse crabs (WizLab)
  Joseph (D:7)
  4 guardian serpents (shapeshifter)
  71 rust devils
  4 catoblepas zombies
  A gargoyle (D:14)
  14 molten gargoyles
  8 spiny frogs
  10 vault sentinels
  6 titan simulacra
  3 spriggan zombies (Hell)
  An eye of devastation (shapeshifter) (Depths:3)
  3 storm dragon simulacra
  4 shock serpent skeletons
  2 elf zombies
  57 orange demons
  10 dire elephant skeletons
  2 rime drakes (shapeshifter)
  59 smoke demons
  2 kobold demonologists
  3 anaconda simulacra
  62 hellions
  67 yaktaurs
  4 rime drakes
  29 demonic crawlers
  26 efreet
  A minotaur skeleton (Geh:7)
  7 komodo dragons
  87 tormentors
  2 komodo dragons (shapeshifter)
  A black draconian skeleton (Crypt:2)
  5 emperor scorpion zombies
  A yellow draconian skeleton (Geh:4)
  A redback zombie (Crypt:3)
  A ghost moth simulacrum (Coc:7)
  A catoblepas skeleton (Coc:7)
  16 harpy zombies
  58 ice devils
  28 hellwings
  8 silent spectres
  21 merfolk
  69 freezing wraiths
  5 tengu conjurers
  40 jumping spiders
  A queen bee (Lair:5)
  6 wind drakes
  5 harpy skeletons
  3 meliai (Lair:5)
  2 polar bears (Lair:6)
  2 hornets (shapeshifter) (Depths:4)
  77 red devils
  A polar bear (shapeshifter) (Elf:1)
  69 guardian mummies
  A wolf spider simulacrum (Coc:7)
  Prince Ribbit (D:7)
  16 blink frogs
  103 slime creatures
  10 trolls
  8 bog bodies
  21 dream sheep
  14 hornets
  36 hydra zombies
  23 ettin zombies
  2 deep troll zombies (Hell)
  62 saltlings (Desolation)
  8 snapping turtles
  17 alligator zombies
  A tarantella zombie (Crypt:1)
  23 hydra skeletons
  14 ice dragon zombies
  3 raiju (Abyss:3)
  10 fire dragon zombies
  9 hippogriffs
  2 fire giant simulacra
  A hippogriff (shapeshifter) (Vaults:1)
  12 ettin skeletons
  8 black mamba zombies
  16 air elementals
  33 ynoxinuls
  206 flying skulls
  58 shadows
  8 alligator skeletons
  94 redbacks
  2 vampires
  12 fire dragon skeletons
  3 spriggans
  16 humans (D:14)
  A human (shapeshifter) (D:15)
  2 wyverns
  7 fire bats
  A fire bat (shapeshifter) (Depths:2)
  5 black mamba skeletons
  16 ice dragon skeletons
  3 spriggan skeletons
  27 ushabtiu
  31 tarantellas
  41 water elementals
  A basilisk (shapeshifter) (Depths:5)
  70 wraiths
  36 fire elementals
  5 basilisks
  19 chaos spawn
  61 yaks
  16 golden eyes
  2 golden eyes (shapeshifter)
  4 small abominations (Abyss:3)
  8 hungry ghosts
  A steam dragon (Lair:2)
  44 neqoxecs
  2 human simulacra
  A torturous demonspawn zombie (Tar:7)
  2 vampire mosquitoes (D:12)
  A warg (shapeshifter) (Vaults:5)
  3 human zombies
  7 wargs
  2 merfolk zombies
  A gelid demonspawn zombie (Tar:4)
  A soldier ant (D:12)
  A water nymph zombie (Crypt:1)
  23 spiny frog zombies
  13 water moccasins
  136 hell hounds
  5 floating eyes
  8 hydra simulacra
  4 acid dragons
  8 porcupines
  52 orc warriors
  A merfolk skeleton (Dis:3)
  18 ice beasts
  An ice beast (shapeshifter) (Depths:1)
  7 sky beasts
  17 phantoms
  A blink frog zombie (Crypt:1)
  6 spiny frog skeletons
  A sky beast (shapeshifter) (Vaults:5)
  A black bear (shapeshifter) (D:15)
  6 eyes of draining
  10 snapping turtle zombies
  80 ogres
  8 manticore zombies
  12 boggarts
  5 swamp dragon zombies
  2 alligator simulacra
  46 necrophages
  17 wolves
  21 centaurs
  An ice dragon simulacrum (Hell)
  A lindwurm skeleton (Crypt:1)
  18 crocodiles
  12 snapping turtle skeletons
  A hog skeleton (Crypt:1)
  5 swamp dragon skeletons
  A hippogriff zombie (Crypt:3)
  6 big kobolds
  15 bullfrogs
  A wyvern zombie (D:10)
  2 gnoll sergeants (D:9)
  An earth elemental (Elf:3)
  3 elf skeletons
  A draconian skeleton (Crypt:2)
  3 troll zombies
  9 scorpions
  2 tengu zombies
  A raiju zombie (Crypt:3)
  A water moccasin skeleton (D:10)
  A killer bee (shapeshifter) (Vaults:1)
  27 killer bees
  5 electric eels
  2 vampire bats (Lair:6)
  165 wights
  3 howler monkeys (D:4)
  3 troll skeletons
  21 crimson imps
  A bullfrog zombie (D:9)
  4 quasits
  11 hounds
  53 iron imps
  2 jellies
  24 orc priests
  8 centaur skeletons
  22 orc wizards
  A bullfrog skeleton (D:10)
  7 iguanas
  A human skeleton (Geh:5)
  7 hell rats (Hell)
  10 worker ants
  2 naga skeletons
  2 hound zombies (D:7)
  2 naga zombies
  A felid skeleton (Crypt:3)
  2 ogre skeletons
  A hound skeleton (D:5)
  77 mummies
  A worker ant zombie (D:7)
  A howler monkey zombie (D:7)
  11 adders
  2 gnolls (D:9)
  33 shadow imps
  26 white imps
  2 ufetubi
  2 oozes
  An adder skeleton (D:9)
  An adder zombie (D:8)
  4 worms
  A ball lightning (Pan)
  A barachi skeleton (Crypt:3)
  2 dart slugs
  10 leopard geckos
  134 orcs
  8 giant cockroaches
  4 gnoll zombies
  10 hobgoblins
  20 jackals
  5 quokkas
  5 ball pythons
  11 bats
  9 frilled lizards
  A frilled lizard skeleton (Crypt:1)
  8 goblins
  A goblin skeleton (Crypt:1)
  A hobgoblin zombie (Ossuary)
  10 kobolds
  3 kobold zombies
  A leopard gecko skeleton (D:4)
  A leopard gecko zombie (D:5)
  2 orc skeletons
  5 orc zombies
  A quokka skeleton (D:9)
  A quokka zombie (Crypt:3)
  3 rats
  13 bushes (Lair:6)
  A crawling corpse (Elf:3)
  A fire vortex (Pan)
  A fungus (Lair:6)
  A lurking horror (Abyss:3)
  6 plants
  2 starspawn tentacles (Abyss:3)
  10 tentacles
7002 creatures vanquished.

Vanquished Creatures (collateral kills)
  A doom hound (Tar:7)
  A Tzitzimitl (Tar:7)
  3 bennus (Tomb:3)
  A mummy priest (Tomb:3)
  A phantasmal warrior (Tar:7)
  A freezing wraith (Vaults:4)
  An ice devil (Tar:7)
  4 guardian mummies (Tomb:3)
  A flying skull (Tomb:3)
  3 ushabtiu (Tomb:3)
  5 mummies (Tomb:3)
22 creatures vanquished.

Vanquished Creatures (others)
  A black draconian (Zot:2)
  A spriggan air mage (WizLab)
  A hell hog (Geh:7)
  An ushabti (Tomb:3)
  A wight (Geh:1)
  A tengu skeleton (Geh:4)
  A mummy (Tomb:2)
  A ball lightning (Pan)
  A bush (Lair:6)
  2 fire vortices (Pan)
  2 fungi (Lair:5)
  A lurking horror (Abyss:3)
  3 plants
  2 starspawn tentacles (Abyss:3)
  38 tentacles
57 creatures vanquished.

Grand Total: 7081 creatures vanquished

Notes
Turn   | Place    | Note
-------+----------+-------------------------------------------
     0 | D:1      | gruber the Centaur Hunter began the quest for the Orb.
     0 | D:1      | Reached XP level 1. HP: 17/17 MP: 1/1
   474 | D:1      | Reached XP level 2. HP: 23/24 MP: 2/2
  1700 | D:2      | Reached XP level 3. HP: 23/29 MP: 3/3
  2593 | D:2      | Found a basalt altar of Yredelemnul.
  2892 | D:3      | Reached XP level 4. HP: 30/36 MP: 4/4
  3251 | D:3      | Found a hazy altar of Hepliaklqana.
  4153 | D:4      | Noticed a sky beast
  4196 | D:4      | Killed a sky beast
  4196 | D:4      | Reached XP level 5. HP: 32/41 MP: 5/5
  4367 | D:4      | Reached XP level 6. HP: 47/48 MP: 6/6
  4399 | D:4      | Reached skill level 10 in Bows
  4684 | D:4      | Found Fioguim's Weapon Emporium.
  4696 | D:4      | Bought a +0 longbow for 58 gold pieces
  4760 | D:4      | Found a shimmering altar of Xom.
  4868 | D:4      | Reached XP level 7. HP: 51/55 MP: 7/7
  5025 | D:4      | You fall into a shaft and drop 3 floors!
  5028 | D:7      | Noticed Joseph
  5040 | D:7      | Killed Joseph
  5387 | D:7      | Reached XP level 8. HP: 61/61 MP: 8/8
  5435 | D:7      | Found a hazy altar of Hepliaklqana.
  5440 | D:7      | Noticed a hippogriff
  5444 | D:7      | Killed a hippogriff
  5446 | D:7      | Noticed Prince Ribbit
  5450 | D:7      | Noticed a hippogriff
  5451 | D:7      | Killed Prince Ribbit
  5459 | D:7      | Killed a hippogriff
  5701 | D:6      | Reached skill level 15 in Bows
  5854 | D:6      | Reached XP level 9. HP: 67/67 MP: 9/9
  5874 | D:6      | Found a hide-covered altar of Uskayaw.
  6428 | D:6      | Found an opulent altar of Gozag.
  6444 | D:6      | Found a bloodstained altar of Trog.
  6693 | D:5      | Entered Level 5 of the Dungeon
  6857 | D:5      | Found a sand-covered staircase.
  6865 | Ossuary  | Entered an ossuary
  7488 | D:5      | Found a staircase to the Ecumenical Temple.
  7717 | Temple   | Entered the Ecumenical Temple
  7845 | Temple   | Became a worshipper of Warmaster Okawaru
  8074 | D:7      | Noticed a purple ugly thing
  8095 | D:7      | Killed a purple ugly thing
  8102 | D:7      | Reached * piety under Okawaru
  8221 | D:7      | Reached XP level 10. HP: 53/73 MP: 10/10
  8443 | D:7      | Got a scorched short sword
  8444 | D:7      | Identified the +6 short sword "Qiculuss" {elec, Int+6} (You
                  | found it on level 7 of the Dungeon)
  8449 | D:7      | Identified the Grimoire of Unholy Rituals and
                  | Weightlessness
  8506 | D:7      | Found a runed translucent gate.
  8507 | D:7      | Found a runed translucent gate.
  8507 | D:7      | Noticed nihilominus's ghost (novice DDFi)
  8508 | D:7      | Found a runed translucent gate.
  8510 | D:7      | Identified the +8 dire flail of the Realm of Zot {drain,
                  | rF+ rC+ Int+3}
  8510 | D:7      | Identified the +5 plate armour of a ziggurat {rElec Str+2}
  8515 | D:7      | Found a roughly hewn altar of Beogh.
  8600 | D:7      | Found a sacrificial altar of Ru.
  8887 | D:7      | Reached ** piety under Okawaru
  9451 | D:7      | Killed nihilominus's ghost
  9570 | D:7      | Got a smoking helmet
  9571 | D:7      | Identified the +2 helmet "Xenucadgh" {rPois} (You found it
                  | on level 7 of the Dungeon)
  9685 | D:8      | Noticed a two-headed ogre
  9703 | D:8      | Killed a two-headed ogre
  9797 | D:8      | Reached *** piety under Okawaru
 10040 | D:8      | Found a staircase to the Lair.
 10059 | D:8      | Found a white marble altar of Elyvilon.
 10094 | D:8      | Reached skill level 5 in Fighting
 10103 | D:8      | Received a gift from Okawaru
 10114 | D:8      | Noticed an elephant
 10148 | D:8      | Killed an elephant
 10148 | D:8      | Reached **** piety under Okawaru
 10148 | D:8      | Reached XP level 11. HP: 34/91 MP: 6/11
 11001 | D:9      | Found a staircase to the Orcish Mines.
 11269 | D:9      | Received a gift from Okawaru
 11872 | D:10     | Entered Level 10 of the Dungeon
 12226 | D:10     | Found a sacrificial altar of Ru.
 13280 | D:11     | Found a burning altar of Makhleb.
 13314 | D:11     | Reached ***** piety under Okawaru
 13410 | D:11     | Reached skill level 10 in Fighting
 13460 | D:11     | Received a gift from Okawaru
 13682 | D:11     | Killed an unseen horror
 13803 | D:11     | Noticed a cyan ugly thing
 13810 | D:11     | Killed a cyan ugly thing
 13810 | D:11     | Received a gift from Okawaru
 14165 | D:11     | Received a gift from Okawaru
 14178 | D:11     | Reached skill level 1 in Armour
 14183 | D:11     | Noticed a two-headed ogre
 14186 | D:11     | Killed a two-headed ogre
 14222 | D:11     | Reached XP level 12. HP: 110/110 MP: 12/12
 14232 | D:11     | Received a gift from Okawaru
 14247 | D:11     | Got an encrusted shortbow {god gift}
 14248 | D:11     | Identified the +2 shortbow of Havoc {vorpal, rPois}
                  | (Okawaru gifted it to you on level 11 of the Dungeon)
 14568 | D:11     | Got an ancient ring mail
 14579 | D:11     | Identified the +1 ring mail of Morality {rF- MR+ Str+4
                  | Int+2} (You found it on level 11 of the Dungeon)
 15041 | D:12     | Noticed a two-headed ogre
 15044 | D:12     | Killed a two-headed ogre
 15044 | D:12     | Reached skill level 5 in Armour
 15067 | D:12     | Noticed a seven-headed hydra
 15074 | D:12     | Killed a seven-headed hydra
 15177 | D:12     | Received a gift from Okawaru
 15389 | D:12     | Noticed a two-headed ogre
 15394 | D:12     | Killed a two-headed ogre
 15685 | D:13     | Noticed a centaur warrior
 15689 | D:13     | Killed a centaur warrior
 15689 | D:13     | Received a gift from Okawaru
 16167 | D:13     | Noticed a seven-headed hydra
 16172 | D:13     | Killed a seven-headed hydra
 16192 | D:13     | Noticed a centaur warrior
 16199 | D:13     | Killed a centaur warrior
 16364 | D:13     | Reached XP level 13. HP: 116/116 MP: 13/13
 16988 | D:13     | Found a runed translucent door.
 16992 | D:13     | Noticed a crystal guardian
 17357 | Lair:1   | Entered Level 1 of the Lair of Beasts
 17475 | Lair:1   | Noticed Fannar
 17485 | Lair:1   | Killed Fannar
 17842 | Lair:1   | Reached ****** piety under Okawaru
 17842 | Lair:1   | Received a gift from Okawaru
 18344 | Lair:2   | Reached skill level 10 in Armour
 18364 | Lair:2   | Received a gift from Okawaru
 18464 | Lair:2   | Got a masterwork longbow {god gift}
 18465 | Lair:2   | Identified the +2 longbow of Currency {venom, rPois}
                  | (Okawaru gifted it to you on level 2 of the Lair of Beasts)
 18564 | Lair:2   | Found a staircase to the Shoals.
 18859 | Lair:2   | Noticed Gastronok
 18885 | Lair:2   | Killed Gastronok
 19527 | Lair:3   | Found a hole to the Spider Nest.
 19830 | Lair:3   | Noticed Urug
 19835 | Lair:3   | Killed Urug
 20364 | Lair:4   | Reached skill level 1 in Maces & Flails
 20465 | Lair:4   | Received a gift from Okawaru
 20568 | Lair:4   | Reached XP level 14. HP: 124/124 MP: 14/14
 20727 | Lair:4   | Reached skill level 5 in Maces & Flails
 20964 | Lair:4   | Received a gift from Okawaru
 22749 | Spider:1 | Entered Level 1 of the Spider Nest
 23241 | D:14     | Found a gate to the Vaults.
 23241 | D:14     | Noticed Rupert
 23456 | D:14     | Killed Rupert
 23456 | D:14     | Received a gift from Okawaru
 24346 | D:15     | Entered Level 15 of the Dungeon
 24436 | D:15     | Received a gift from Okawaru
 24703 | D:15     | Received a gift from Okawaru
 25255 | D:15     | Received a gift from Okawaru
 25267 | D:15     | Reached XP level 15. HP: 129/137 MP: 13/15
 25337 | D:15     | Found a staircase to the Depths.
 25637 | Orc:1    | Entered Level 1 of the Orcish Mines
 25637 | Orc:1    | Noticed Erolcha
 25640 | Orc:1    | Killed Erolcha
 26202 | Orc:1    | Found Pyukh's Weapon Emporium.
 26460 | Orc:1    | Noticed an orc warlord
 26479 | Orc:1    | Killed an orc warlord
 26621 | Orc:1    | Found Gotoj's Goods Gallery.
 26642 | Orc:1    | Found Zeajerch's General Store.
 26650 | Orc:1    | Bought the +0 pair of gloves of the Locust {rF+ rC++ Regen+
                  | Str-2} for 445 gold pieces
 26650 | Orc:1    | Bought a potion of heal wounds for 70 gold pieces
 26650 | Orc:1    | Bought a potion of heal wounds for 70 gold pieces
 26844 | Orc:2    | Entered Level 2 of the Orcish Mines
 26853 | Orc:2    | Found a roughly hewn altar of Beogh.
 26858 | Orc:2    | Found a staircase to the Elven Halls.
 27249 | Orc:2    | Received a gift from Okawaru
 27367 | Orc:2    | Found Vuoppiag's Gadget Shoppe.
 27367 | Orc:2    | Found Naeg's Assorted Antiques.
 27369 | Orc:2    | Found Cuinoexo's General Store.
 27369 | Orc:2    | Found Voraj's General Store.
 27421 | Orc:2    | Bought a scroll of teleportation for 39 gold pieces
 27655 | Spider:1 | HP: 5/139 [redback (12)]
 27657 | Spider:1 | HP: 2/139 [redback (12)]
 27668 | Spider:1 | HP: 6/139 [poisoned by a redback]
 27673 | Spider:1 | HP: 4/139 [poisoned by a redback]
 27678 | Spider:1 | HP: 4/139 [poisoned by a redback]
 27683 | Spider:1 | HP: 4/139 [poisoned by a redback]
 27688 | Spider:1 | HP: 6/139 [poisoned by a redback]
 28004 | Spider:1 | Found a runed translucent gate.
 28019 | Spider:1 | Found a runed translucent gate.
 28020 | Spider:1 | Found a runed translucent gate.
 28113 | Spider:1 | Noticed Matius's ghost (journeyman DDCK)
 28223 | Spider:1 | Reached skill level 5 in Dodging
 28378 | Spider:1 | Learned a level 3 spell: Portal Projectile
 28479 | Spider:1 | Received a gift from Okawaru
 28804 | Spider:2 | Reached skill level 1 in Hexes
 28804 | Spider:2 | Reached skill level 1 in Translocations
 28944 | Spider:2 | Received a gift from Okawaru
 29236 | Spider:2 | Reached XP level 16. HP: 147/147 MP: 13/16
 29786 | Spider:2 | Received a gift from Okawaru
 29790 | Spider:2 | Got a twisted longbow {god gift}
 29791 | Spider:2 | Identified the +2 longbow of Lies {speed, Int+2} (Okawaru
                  | gifted it to you on level 2 of the Spider Nest)
 30150 | Shoals:1 | Entered Level 1 of the Shoals
 30646 | Shoals:1 | Reached skill level 5 in Hexes
 30749 | Shoals:1 | Noticed a kraken
 30788 | Shoals:1 | Killed a kraken
 30788 | Shoals:1 | Reached skill level 5 in Translocations
 31726 | Shoals:2 | Found a flickering gateway to a bazaar.
 31872 | Shoals:2 | Received a gift from Okawaru
 32435 | Shoals:3 | Noticed Ilsuiw
 32474 | Bazaar   | Entered a bazaar
 32593 | Bazaar   | Found Nuliogai's Antique Weapon Shoppe.
 32601 | Bazaar   | Found Tuesomug's Antique Armour Shoppe.
 32612 | Bazaar   | Found Wuckof's General Store.
 32623 | Bazaar   | Found Myebluch's Jewellery Emporium.
 32631 | Bazaar   | Found Cocoybbu's Magic Scroll Emporium.
 32662 | Bazaar   | Bought the ring of Tohaw {rPois MR+ SInv} for 552 gold
                  | pieces
 32679 | Bazaar   | Bought a bloodstained helmet for 237 gold pieces
 32689 | Bazaar   | Identified the +0 helmet "Pideep" {rC+} (You bought it in a
                  | shop in a bazaar)
 32760 | Bazaar   | Bought the +0 pair of fencer's gloves {Riposte Dex+3} for
                  | 600 gold pieces
 32760 | Bazaar   | Found the +0 pair of fencer's gloves {Riposte Dex+3}
 32760 | Bazaar   | Bought the +7 chain mail of Servitude {MR+ Int-4 Dex+8} for
                  | 907 gold pieces
 33407 | Shoals:3 | Killed Ilsuiw
 33748 | Shoals:3 | Noticed Nikola
 33762 | Shoals:3 | Killed Nikola
 33993 | Shoals:3 | Received a gift from Okawaru
 33993 | Shoals:3 | Reached XP level 17. HP: 154/154 MP: 17/17
 34091 | Shoals:3 | Noticed Bai Suzhen
 34117 | Shoals:3 | Killed Bai Suzhen
 34339 | Shoals:3 | Reached skill level 10 in Dodging
 34442 | Shoals:4 | Entered Level 4 of the Shoals
 34479 | Shoals:4 | Reached skill level 1 in Invocations
 35010 | Shoals:4 | Reached skill level 5 in Invocations
 35128 | Shoals:4 | Got a barnacled rune of Zot
 35135 | Shoals:4 | Found Astrenopu's Book Emporium.
 35389 | Shoals:4 | Got a flickering iron ring
 35522 | Shoals:4 | Identified the ring of the Lobster {rElec Str+4 Int+2
                  | Slay+3 Stlth+} (You found it on level 4 of the Shoals)
 35679 | Shoals:4 | Noticed a kraken
 35729 | Shoals:4 | Killed a kraken
 35729 | Shoals:4 | Received a gift from Okawaru
 36396 | Vaults:1 | Entered Level 1 of the Vaults
 37290 | Vaults:1 | Reached XP level 18. HP: 161/161 MP: 23/23
 37453 | Vaults:1 | Found Quisana's Book Shop.
 37576 | Vaults:1 | Received a gift from Okawaru
 38103 | Vaults:1 | Received a gift from Okawaru
 38493 | Vaults:2 | Noticed a Brimstone Fiend
 38501 | Vaults:2 | Noticed a Tzitzimitl
 39424 | Vaults:2 | Reached skill level 15 in Fighting
 39510 | Vaults:2 | Received a gift from Okawaru
 39949 | Vaults:2 | Identified the +6 glaive of Chance {freeze, rC- Str+5
                  | Dex+4}
 40595 | Vaults:2 | Found Roufeof's Armour Boutique.
 40771 | Vaults:2 | Found a staircase to the Crypt.
 40778 | Vaults:2 | Reached XP level 19. HP: 174/174 MP: 24/24
 40886 | Vaults:2 | Received a gift from Okawaru
 41709 | Vaults:3 | Received a gift from Okawaru
 42472 | Vaults:3 | Received a gift from Okawaru
 42488 | Vaults:3 | Got an iridescent longbow {god gift}
 42489 | Vaults:3 | Identified the +0 longbow of Infection {freeze, rC+ Dex+2}
                  | (Okawaru gifted it to you on level 3 of the Vaults)
 43408 | Vaults:4 | Found a ruined gateway.
 43421 | Desolati | Entered the Desolation of Salt
 43515 | Desolati | Received a gift from Okawaru
 43646 | Desolati | Received a gift from Okawaru
 43902 | Desolati | Received a gift from Okawaru
 44115 | Desolati | Got a scintillating marble ring
 44132 | Desolati | Got an ancient pewter amulet
 44156 | Desolati | Reached XP level 20. HP: 193/193 MP: 25/25
 44176 | Desolati | Received a gift from Okawaru
 44260 | Desolati | Identified the +6 long sword "Zyheug" {flame, Str+8 Dex+4
                  | Stlth-}
 44320 | Desolati | Received a gift from Okawaru
 44392 | Desolati | Identified the ring of Giwymiog {*Slow rPois MR+ Int+3}
 44441 | Desolati | Received a gift from Okawaru
 45127 | Desolati | Got a wavering platinum ring
 45145 | Desolati | Identified the Handbook of the Compass and Flames
 45353 | Vaults:4 | Found a gateway to a bazaar.
 45380 | Bazaar   | Entered a bazaar
 45380 | Bazaar   | Found Isus's Assorted Antiques.
 45380 | Bazaar   | Found Goorghoit's Antique Armour Shoppe.
 45380 | Bazaar   | Found Jyac's Assorted Antiques.
 45382 | Bazaar   | Found Kotoi's Assorted Antiques.
 45393 | Bazaar   | Bought a runed cloak for 157 gold pieces
 45399 | Bazaar   | Bought a scroll of enchant armour for 285 gold pieces
 45405 | Bazaar   | Bought a scroll labeled FIMAIV NOURA for 31 gold pieces
 45406 | Bazaar   | Bought a scroll labeled ANGUUQAEGU for 31 gold pieces
 45750 | Vaults:4 | Found Xacurune's Assorted Antiques.
 45757 | Vaults:4 | Bought a scroll labeled YMA JINKYAPUN for 39 gold pieces
 46601 | Vaults:4 | Found Hivasm's Food Emporium.
 46617 | Vaults:4 | Found Sahurgh's Magic Scroll Emporium.
 46907 | Vaults:4 | Found Xonuof's Armour Shop.
 47543 | Spider:3 | Noticed Agnes
 47557 | Spider:3 | Killed Agnes
 47576 | Spider:3 | Received a gift from Okawaru
 47783 | Spider:3 | Noticed Arachne
 47783 | Spider:3 | Noticed Jorgrun
 47814 | Spider:3 | Killed Jorgrun
 47815 | Spider:3 | Received a gift from Okawaru
 48016 | Spider:3 | Identified the amulet "Pikle" {Faith rPois rC+} (You found
                  | it in the Desolation of Salt)
 48018 | Spider:3 | Identified the ring of the Equinox {rF+ rC+ Int-3 Slay+2}
                  | (You found it in the Desolation of Salt)
 48024 | Spider:3 | Identified the ring "Vauwott" {+Fly rPois rF+ Str+2} (You
                  | found it in the Desolation of Salt)
 48126 | Spider:3 | Killed Arachne
 48269 | Spider:4 | Entered Level 4 of the Spider Nest
 48269 | Spider:4 | Identified Roxanne's Grimoire of the Rocks
 48269 | Spider:4 | Noticed Roxanne
 48293 | Spider:4 | Killed Roxanne
 48859 | Spider:4 | Received a gift from Okawaru
 48873 | Spider:4 | Reached XP level 21. HP: 207/207 MP: 19/26
 49431 | Spider:4 | Got a gossamer rune of Zot
 50338 | Depths:1 | Entered Level 1 of the Depths
 50364 | Depths:1 | Received a gift from Okawaru
 50475 | Depths:1 | Received a gift from Okawaru
 50481 | Depths:1 | Found a magical portal.
 50495 | WizLab   | Entered The Chambers of the Cloud Mage
 51383 | WizLab   | Identified the Incunabulum of Weightlessness
 51420 | WizLab   | Identified the Handbook of Warped Venom
 51899 | Depths:1 | Received a gift from Okawaru
 51902 | Depths:1 | Got a fading chain mail {god gift}
 51925 | Depths:1 | Identified the +9 chain mail of Ruaph {Dex+4} (Okawaru
                  | gifted it to you on level 1 of the Depths)
 52235 | Depths:1 | Found a portal to a secret trove of treasure.
 52318 | Depths:1 | Learned a level 1 spell: Apportation
 52406 | Depths:1 | Found a gateway to Hell.
 52418 | Depths:1 | Found a corrupted altar of Lugonu.
 52419 | Depths:1 | Found a one-way gate to the infinite horrors of the Abyss.
 52537 | Depths:1 | Found a sparkling altar of Nemelex Xobeh.
 52588 | Depths:1 | Reached skill level 15 in Armour
 53003 | Depths:1 | Found a bloodstained altar of Trog.
 53220 | Depths:2 | Identified the +5 flail of Tartarus {freeze, rElec}
 53437 | Depths:2 | Reached XP level 22. HP: 213/213 MP: 27/27
 53440 | Depths:2 | Found a gateway to a ziggurat.
 53556 | Depths:2 | Noticed Saint Roka
 53594 | Depths:2 | Killed Saint Roka
 53594 | Depths:2 | Received a gift from Okawaru
 53738 | Depths:2 | Found a glowing golden altar of the Shining One.
 53847 | Depths:2 | Received a gift from Okawaru
 53934 | Depths:2 | You are sucked into a shaft and drop 2 floors!
 54003 | Depths:4 | Noticed Margery
 54014 | Depths:4 | Killed Margery
 54453 | Depths:4 | Noticed the Enchantress
 54496 | Depths:4 | Killed the Enchantress
 55045 | Depths:4 | Found an ornate altar of the Wu Jian Council.
 55196 | Depths:4 | Received a gift from Okawaru
 55264 | Depths:4 | Found a one-way gate leading to the halls of Pandemonium.
 56359 | Depths:3 | Reached XP level 23. HP: 220/220 MP: 28/28
 56808 | Depths:3 | Noticed a juggernaut
 56872 | Depths:3 | Killed a juggernaut
 57102 | Depths:3 | Paralysed by a great orb of eyes for 3 turns
 57240 | Depths:3 | Received a gift from Okawaru
 57616 | Depths:3 | Received a gift from Okawaru
 57633 | Depths:3 | Got a spiked centaur barding {god gift}
 57644 | Depths:3 | Identified the +0 centaur barding of the Planets {*Drain
                  | Str+2 Slay+5} (Okawaru gifted it to you on level 3 of the
                  | Depths)
 57948 | Depths:3 | Identified the +9 dagger of the Immovable Dances {freeze,
                  | rC++}
 58155 | Depths:3 | Identified the ring of Gluttony {rElec rC+ rN+ EV+4 Stlth+}
 58480 | Depths:3 | Reached XP level 24. HP: 229/229 MP: 28/28
 59351 | Depths:5 | Entered Level 5 of the Depths
 59589 | Depths:5 | Learned a level 2 spell: Blink
 59894 | Depths:5 | Noticed a juggernaut
 59906 | Depths:5 | Killed a juggernaut
 59907 | Depths:5 | Received a gift from Okawaru
 60228 | Depths:5 | Got a warped glass ring
 60299 | Depths:5 | Identified the ring "Felouh" {rC+ Stlth-} (You found it on
                  | level 5 of the Depths)
 60446 | Depths:5 | Reached XP level 25. HP: 216/236 MP: 25/28
 60657 | Depths:5 | Reached skill level 15 in Dodging
 60694 | Depths:5 | Found a runed translucent door.
 60696 | Depths:5 | Found a runed translucent door.
 60703 | Depths:5 | Found a runed translucent door.
 60806 | Depths:5 | Found a runed translucent door.
 60813 | Depths:5 | Found a runed translucent door.
 60922 | Depths:5 | Received a gift from Okawaru
 61052 | Depths:5 | Found a runed translucent door.
 61067 | Depths:5 | Found a gate to the Realm of Zot.
 61693 | Elf:1    | Entered Level 1 of the Elven Halls
 61946 | Elf:1    | Found Esairhea's Food Boutique.
 62217 | Elf:1    | Received a gift from Okawaru
 62664 | Elf:2    | Found a huge runed translucent gate.
 62664 | Elf:2    | Found a huge runed translucent gate.
 62664 | Elf:2    | Found a huge runed translucent gate.
 62672 | Elf:2    | Found a huge runed translucent gate.
 62672 | Elf:2    | Found a huge runed translucent gate.
 62765 | Elf:2    | Received a gift from Okawaru
 63039 | Elf:2    | Found a large runed translucent door.
 63045 | Elf:2    | Found a large runed translucent door.
 63157 | Elf:2    | Noticed Raspi's ghost (adept MiBe)
 63177 | Elf:2    | Found Suuddier's Distillery.
 63599 | Elf:2    | Killed Raspi's ghost
 63729 | Elf:2    | Received a gift from Okawaru
 64235 | Elf:3    | Entered Level 3 of the Elven Halls
 64235 | Elf:3    | Noticed Aizul
 64242 | Elf:3    | Noticed Louise
 64250 | Elf:3    | Killed Aizul
 64280 | Elf:3    | Killed Louise
 64727 | Elf:3    | Found a shimmering blue altar of Sif Muna.
 65019 | Elf:3    | Identified the +3 chain mail of Beauty {-Cast rElec Regen+
                  | Str-3}
 65019 | Elf:3    | Identified the ring of Existentialism {*Tele rF+ Str+3
                  | Dex-2}
 65041 | Elf:3    | Identified the ring "Cosch" {Ice Dex+3}
 65145 | Elf:3    | Found the amulet of Vitality {Regen+ HP+15}
 65174 | Elf:3    | Identified the Compendium of Virous Orientation
 65177 | Elf:3    | Identified the Handbook of the Boosting Snowflakes
 65179 | Elf:3    | Identified Lisiuchad's Catalogue of Creative Battle Magic
 65205 | Elf:3    | Received a gift from Okawaru
 65450 | Elf:3    | Noticed Donald
 65456 | Elf:3    | Killed Donald
 65456 | Elf:3    | Reached XP level 26. HP: 244/244 MP: 28/28
 66115 | Crypt:1  | Entered Level 1 of the Crypt
 66311 | Crypt:1  | Reached XP level 27. HP: 252/252 MP: 28/28
 66597 | Crypt:1  | Found a runed translucent gate.
 66597 | Crypt:1  | Found a runed translucent gate.
 66597 | Crypt:1  | Found a runed translucent gate.
 66602 | Crypt:1  | Noticed Houmnergh's ghost (master GnTm)
 66603 | Crypt:1  | Found the +8 mithril axe "Arga" {speed, MR+}
 66603 | Crypt:1  | Identified a scroll of acquirement
 66603 | Crypt:1  | Found an iron altar of Okawaru.
 66660 | Crypt:1  | Killed Houmnergh's ghost
 66893 | Crypt:1  | Received a gift from Okawaru
 67644 | Crypt:2  | Reached skill level 10 in Invocations
 67668 | Crypt:2  | Noticed Frederick
 67676 | Crypt:2  | Killed Frederick
 68282 | Crypt:3  | Entered Level 3 of the Crypt
 68322 | Crypt:3  | Found a staircase to the Tomb.
 69178 | Crypt:3  | Reached skill level 15 in Invocations
 69701 | Crypt:3  | Noticed a greater mummy
 69728 | Crypt:3  | Killed a greater mummy
 70145 | Crypt:3  | Identified the Disquisition on Dark Magic
 70195 | Crypt:3  | Received a gift from Okawaru
 70403 | Crypt:3  | Identified the Catalogue of Evil Protection
 70629 | Crypt:3  | Got a shimmering glass ring
 70632 | Crypt:3  | Identified the ring "Joomirch" {rPois rF- rN+ EV+4 Dex+3}
                  | (You found it on level 3 of the Crypt)
 70851 | Vaults:5 | Entered Level 5 of the Vaults
 71013 | Vaults:5 | Noticed an ancient lich
 71025 | Vaults:5 | Killed an ancient lich
 71025 | Vaults:5 | Received a gift from Okawaru
 71056 | Vaults:5 | Received a gift from Okawaru
 71190 | Vaults:5 | Got a pair of transparent gloves {god gift}
 71191 | Vaults:5 | Identified the +2 pair of gloves of Okawaru's Whim {rN+
                  | rCorr} (Okawaru gifted it to you on level 5 of the Vaults)
 71206 | Vaults:5 | Reached skill level 5 in Axes
 71386 | Vaults:5 | Identified the +0 robe of the Locust {rC+ Int+4 Stlth+}
 71402 | Vaults:5 | Identified the +2 quarterstaff "Yfearem" {flame, Int+3}
 71766 | Vaults:5 | Identified the cursed +1 robe of Midwinter {rPois MR+ Str-2
                  | SInv}
 72097 | Vaults:5 | Reached skill level 10 in Axes
 72273 | Vaults:5 | Identified the +9 dagger "Uxtulear" {freeze, rN+}
 72313 | Vaults:5 | Identified Cerixet's Grimoire of Attacks
 72332 | Vaults:5 | Received a gift from Okawaru
 72350 | Vaults:5 | Identified the Disquisition on Assistive Poison
 72510 | Vaults:5 | Identified the ring "Xotac" {AC+4 Str+7}
 72732 | Vaults:5 | Identified the +6 rapier of Departure {drain, Int+5}
 73321 | Vaults:5 | Got a silver rune of Zot
 73394 | Vaults:5 | Identified the Grimoire of Doomed Ice
 74041 | Zot:1    | Entered Level 1 of the Realm of Zot
 74441 | Zot:1    | Received a gift from Okawaru
 74995 | Zot:2    | Noticed an orb of fire
 75078 | Zot:2    | Killed an orb of fire
 75078 | Zot:2    | Reached skill level 15 in Axes
 75116 | Zot:2    | Received a gift from Okawaru
 77118 | Zot:3    | You fall into a shaft and drop 1 floor!
 77127 | Zot:4    | Reached skill level 1 in Spellcasting
 77138 | Zot:4    | Received a gift from Okawaru
 77494 | Zot:4    | Reached skill level 5 in Spellcasting
 78247 | Zot:4    | Received a gift from Okawaru
 79066 | Shoals:4 | Bought a manual of Armour for 1876 gold pieces
 79452 | Hell     | Entered the Vestibule of Hell
 79452 | Hell     | Noticed Geryon
 79477 | Hell     | Killed Geryon
 79616 | Hell     | Received a gift from Okawaru
 79711 | Hell     | Noticed an ancient lich
 79835 | Hell     | Killed an ancient lich
 79965 | Hell     | Received a gift from Okawaru
 79977 | Hell     | Got a slimy executioner's axe {god gift}
 79978 | Hell     | Identified the +7 executioner's axe of Nofovon {vorpal,
                  | rPois rN+ MR+} (Okawaru gifted it to you in the Vestibule
                  | of Hell)
 80031 | Hell     | Found a gateway to the ashen valley of Gehenna.
 80655 | Depths:2 | Fell from the grace of Okawaru
 80655 | Depths:2 | Became a worshipper of the Shining One
 80839 | Zot:5    | Entered Level 5 of the Realm of Zot
 81395 | Zot:5    | Reached * piety under the Shining One
 81775 | Zot:5    | Noticed an orb of fire
 82439 | Hell     | Found a gateway to the decaying netherworld of Tartarus.
 82789 | Hell     | Found a gateway to the Iron City of Dis.
 82883 | Hell     | Reached ** piety under the Shining One
 82928 | Hell     | Found a gateway to the freezing wastes of Cocytus.
 83317 | Tar:1    | Entered Level 1 of Tartarus
 83364 | Tar:1    | Reached *** piety under the Shining One
 83468 | Tar:1    | Reached **** piety under the Shining One
 83715 | Tar:1    | Reached ***** piety under the Shining One
 84109 | Tar:1    | Reached ****** piety under the Shining One
 84123 | Tar:1    | Identified a +7 longbow of holy wrath (a +5 longbow of
                  | flaming blessed by the Shining One)
 84123 | Tar:1    | Received a gift from the Shining One
 86200 | Tar:2    | Was forgiven by Okawaru
 86317 | Tar:2    | Reached skill level 27 in Bows
 88587 | Elf:3    | Got an encrusted cloak
 88588 | Elf:3    | Identified the +1 cloak of Wrong Decisions {rCorr} (You
                  | found it on level 3 of the Elven Halls)
 90640 | Tar:5    | You fall into a shaft and drop 1 floor!
 91583 | Tar:7    | Entered Level 7 of Tartarus
 92617 | Tar:7    | Found the +8 glaive of the Guard {elec, +Rage AC+5 SInv}
 92627 | Tar:7    | Reached skill level 27 in Fighting
 93279 | Tar:7    | Noticed Ereshkigal
 93315 | Tar:7    | Killed Ereshkigal
 93664 | Tar:7    | Got a bone rune of Zot
 94216 | Dis:1    | Entered Level 1 of the Iron City of Dis
 94659 | Dis:1    | HP: 11/282 [ancient champion/stone arrow[an iron giant]
                  | (41)]
 94664 | Dis:1    | HP: 14/282 [poisoned by a reaper]
 98077 | Dis:4    | Gained mutation: Your body sometimes deteriorates upon
                  | taking damage. [a cacodemon]
100793 | Dis:7    | Entered Level 7 of the Iron City of Dis
103037 | Dis:7    | Identified Uwkisut's Tome of Intoxication and Dark Magic
103047 | Dis:7    | Identified the Disquisition on Blistering Companions
103067 | Dis:7    | Got a pair of pitted gloves
103068 | Dis:7    | Identified the +0 pair of gloves of Grace {Regen+ Str+3}
                  | (You found it on level 7 of the Iron City of Dis)
103411 | Dis:7    | Identified the +4 staff of Dispater
103411 | Dis:7    | Noticed Dispater
103462 | Dis:7    | Killed Dispater
103462 | Dis:7    | Reached skill level 27 in Axes
103802 | Dis:7    | Found the +3 Elemental Staff {rElec rF++ rC++ MR++ AC+5}
103818 | Dis:7    | Got an iron rune of Zot
103820 | Dis:7    | Got a dazzling cloak
103821 | Dis:7    | Identified the +3 cloak of Barnacled Life {rF+} (You found
                  | it on level 7 of the Iron City of Dis)
104109 | Geh:1    | Entered Level 1 of Gehenna
104229 | Geh:1    | Learned a level 5 spell: Silence
104238 | Geh:1    | Learned a level 8 spell: Controlled Blink
104520 | Geh:1    | Reached skill level 10 in Translocations
105151 | Geh:2    | You fall into a shaft and drop 2 floors!
108379 | Geh:5    | Reached skill level 10 in Spellcasting
109249 | Geh:7    | Entered Level 7 of Gehenna
110206 | Geh:7    | Identified the +7 sceptre of Asmodeus
110206 | Geh:7    | Noticed Asmodeus
110244 | Geh:7    | Killed Asmodeus
110244 | Geh:7    | Reached skill level 15 in Translocations
110573 | Geh:7    | Got an obsidian rune of Zot
110735 | Coc:1    | Entered Level 1 of Cocytus
115222 | Coc:5    | Reached skill level 15 in Spellcasting
116010 | Coc:6    | Noticed an ancient lich
116026 | Coc:6    | Killed an ancient lich
116892 | Pan      | Entered Pandemonium
117218 | Pan      | Noticed Ceed the pandemonium lord
117228 | Pan      | Killed Ceed the pandemonium lord
117404 | Pan      | Found an exit through the horrors of the Abyss.
117494 | Pan      | Gained mutation: Your spells are a little easier to cast,
                  | but a little less powerful. [a neqoxec]
117506 | Pan      | Noticed Udghog the pandemonium lord
117527 | Pan      | Killed Udghog the pandemonium lord
118423 | Pan      | Got a demonic rune of Zot
118443 | Pan      | Entered the realm of Cerebov.
119585 | Pan      | Found an exit through the horrors of the Abyss.
119785 | Pan      | Identified the +6 sword of Cerebov {flame}
119785 | Pan      | Noticed Cerebov
120163 | Pan      | Killed Cerebov
120373 | Pan      | Got a smoking cloak
120374 | Pan      | Identified the cursed +0 cloak of Tortured Leaves {+Inv
                  | rF++ Int+4 Dex-4} (You found it in Pandemonium)
120425 | Pan      | Got a glittering steel ring
120426 | Pan      | Identified the ring of the Iron Devil {*Corrode rN+ MR+
                  | Slay+3 Stlth+} (You found it in Pandemonium)
120495 | Pan      | Got a bronze chain mail
120496 | Pan      | Identified the +3 chain mail "Nolittel" {Harm rPois rF-
                  | Str+2} (You found it in Pandemonium)
120501 | Pan      | Identified the Almanac of Bewitchment
120557 | Pan      | Got a fiery rune of Zot
121217 | Pan      | Found an exit through the horrors of the Abyss.
121221 | Pan      | Noticed Ucawn the pandemonium lord
121227 | Pan      | Killed Ucawn the pandemonium lord
122091 | Pan      | Noticed Neimec the pandemonium lord
122095 | Pan      | Killed Neimec the pandemonium lord
122987 | Pan      | Noticed Orghab the pandemonium lord
122991 | Pan      | Killed Orghab the pandemonium lord
123895 | Pan      | Noticed Oxebaun the pandemonium lord
123899 | Pan      | Killed Oxebaun the pandemonium lord
124124 | Pan      | Gained mutation: Your flesh is cold resistant. (rC+) [a
                  | cacodemon]
124660 | Pan      | Found an exit through the horrors of the Abyss.
124746 | Pan      | Noticed Haoryo the pandemonium lord
125009 | Pan      | Killed Haoryo the pandemonium lord
125462 | Pan      | Noticed Iwuif the pandemonium lord
125476 | Pan      | Killed Iwuif the pandemonium lord
126107 | Pan      | Entered the realm of Gloorx Vloq.
126107 | Pan      | Found an exit through the horrors of the Abyss.
127003 | Pan      | Noticed Gloorx Vloq
127010 | Pan      | Killed Gloorx Vloq
127116 | Pan      | Got a dark rune of Zot
127370 | Pan      | Noticed Ocheghao the pandemonium lord
127412 | Pan      | Killed Ocheghao the pandemonium lord
128474 | Pan      | Entered the realm of Mnoleg.
128841 | Pan      | Gained mutation: You are clumsy. (Dex -2) [a cacodemon]
130196 | Pan      | Gained mutation: You are weak. (Str -2) [a neqoxec]
130197 | Pan      | Gained mutation: Your mind is acute. (Int +2) [a neqoxec]
130501 | Pan      | Gained mutation: You are very weak. (Str -4) [a neqoxec]
130757 | Pan      | Noticed Mnoleg
130766 | Pan      | Killed Mnoleg
130875 | Pan      | Got a glowing rune of Zot
131097 | Pan      | Entered the realm of Lom Lobon.
131699 | Pan      | Noticed Lom Lobon
131717 | Pan      | Killed Lom Lobon
131780 | Pan      | Got a magical rune of Zot
133311 | Depths:3 | Escaped Pandemonium
133362 | Depths:3 | Voluntarily entered the Abyss.
133591 | Abyss:3  | Found an opulent altar of Gozag.
134068 | Abyss:3  | Got an abyssal rune of Zot
134076 | Depths:3 | Escaped the Abyss
134585 | Lair:6   | Entered Level 6 of the Lair of Beasts
134697 | Lair:6   | Found a runed translucent door.
134697 | Lair:6   | Found a viscous altar of Jiyva.
134697 | Lair:6   | Found a staircase to the Slime Pits.
134804 | Lair:6   | Noticed Snorg
134809 | Lair:6   | Killed Snorg
135249 | Lair:6   | Found a burning altar of Makhleb.
135926 | Slime:1  | Entered Level 1 of the Pits of Slime
137847 | Slime:5  | Entered Level 5 of the Pits of Slime
138010 | Slime:5  | Found a viscous altar of Jiyva.
138058 | Slime:5  | Noticed the Royal Jelly
138093 | Slime:5  | Killed the Royal Jelly
138195 | Slime:4  | Reached skill level 27 in Armour
138608 | Slime:5  | Identified Haxzykan's Papyrus of Evil Confrontation
138662 | Slime:5  | Got a slimy rune of Zot
139423 | Spider:1 | Killed Matius's ghost
139592 | Spider:1 | Got a smoking hat
139593 | Spider:1 | Identified the +4 hat "Jidamamidi" {Str+4 Int+9 SInv} (You
                  | found it on level 1 of the Spider Nest)
140414 | Coc:7    | Entered Level 7 of Cocytus
141614 | Coc:7    | Identified the cursed +1 hand axe of Tenacity {drain, rC+
                  | rN+ Int-3 SInv}
141614 | Coc:7    | Identified the ring "Damnable Contraption" {rC++ rN+ Dex-3
                  | Stlth-}
141614 | Coc:7    | Noticed Antaeus
141682 | Coc:7    | Killed Antaeus
142200 | Coc:7    | Got an icy rune of Zot
142235 | Coc:7    | Got an ancient chain mail
142236 | Coc:7    | Identified the +1 chain mail of Lugonu's Displeasure
                  | {*Corrode +Inv Int+6 SInv} (You found it on level 7 of
                  | Cocytus)
142239 | Coc:7    | Got a scorched ring mail
142240 | Coc:7    | Identified the +5 ring mail "Xoihan" {rF- Str+3 Int+4} (You
                  | found it on level 7 of Cocytus)
142851 | Tomb:1   | Entered Level 1 of the Tomb of the Ancients
143063 | Tomb:1   | Noticed a greater mummy
143064 | Tomb:1   | Noticed a greater mummy
143069 | Tomb:1   | Killed a greater mummy
143071 | Tomb:1   | Killed a greater mummy
143252 | Tomb:1   | Noticed a greater mummy
143255 | Tomb:1   | Killed a greater mummy
143950 | Tomb:2   | Noticed a greater mummy
143950 | Tomb:2   | Noticed Sojobo
143951 | Tomb:2   | Noticed a greater mummy
143956 | Tomb:2   | Noticed a greater mummy
143960 | Tomb:2   | Killed a greater mummy
143973 | Tomb:2   | Killed a greater mummy
143974 | Tomb:2   | Identified the +6 tower shield "Keomiel" {rPois MR- Regen+}
143974 | Tomb:2   | Noticed Mennas
143975 | Tomb:2   | Noticed a greater mummy
144234 | Tomb:2   | Killed Mennas
144240 | Tomb:2   | Killed Sojobo
144266 | Tomb:2   | Killed a greater mummy
144353 | Tomb:2   | Killed a greater mummy
144979 | Tomb:1   | Noticed a greater mummy
144985 | Tomb:1   | Killed a greater mummy
144985 | Tomb:1   | Noticed a greater mummy
144986 | Tomb:1   | Noticed a greater mummy
144986 | Tomb:1   | Noticed a greater mummy
144987 | Tomb:1   | Noticed a greater mummy
144994 | Tomb:1   | Noticed a greater mummy
144995 | Tomb:1   | Killed a greater mummy
145284 | Tomb:1   | Killed a greater mummy
145288 | Tomb:1   | Killed a greater mummy
145297 | Tomb:1   | Killed a greater mummy
145299 | Tomb:1   | Killed a greater mummy
145301 | Tomb:1   | Noticed a greater mummy
145309 | Tomb:1   | Killed a greater mummy
145341 | Tomb:1   | Noticed a greater mummy
145345 | Tomb:1   | Killed a greater mummy
145346 | Tomb:1   | Noticed a greater mummy
145353 | Tomb:1   | Killed a greater mummy
145532 | Tomb:1   | Noticed a greater mummy
145538 | Tomb:1   | Killed a greater mummy
145552 | Tomb:1   | Noticed a greater mummy
145554 | Tomb:1   | Killed a greater mummy
145562 | Tomb:1   | Noticed a greater mummy
145567 | Tomb:1   | Killed a greater mummy
145570 | Tomb:1   | Noticed a greater mummy
145573 | Tomb:1   | Noticed a greater mummy
145574 | Tomb:1   | Killed a greater mummy
145577 | Tomb:1   | Killed a greater mummy
145656 | Tomb:1   | Noticed a greater mummy
145657 | Tomb:1   | Noticed a greater mummy
145659 | Tomb:1   | Noticed a greater mummy
145688 | Tomb:1   | Killed a greater mummy
145695 | Tomb:1   | Killed a greater mummy
145702 | Tomb:1   | Killed a greater mummy
145878 | Tomb:1   | Noticed a greater mummy
145880 | Tomb:1   | Noticed a greater mummy
145883 | Tomb:1   | Killed a greater mummy
145892 | Tomb:1   | Killed a greater mummy
145897 | Tomb:1   | Noticed a greater mummy
145927 | Tomb:1   | Killed a greater mummy
146086 | Tomb:1   | Noticed a greater mummy
146091 | Tomb:1   | Killed a greater mummy
146488 | Tomb:3   | Entered Level 3 of the Tomb of the Ancients
146567 | Tomb:3   | Noticed a greater mummy
146576 | Tomb:3   | Killed a greater mummy
146597 | Tomb:3   | Noticed a greater mummy
146602 | Tomb:3   | Noticed a greater mummy
146613 | Tomb:3   | Killed a greater mummy
146625 | Tomb:3   | Noticed a greater mummy
146628 | Tomb:3   | Killed a greater mummy
146630 | Tomb:3   | Noticed a greater mummy
146639 | Tomb:3   | Killed a greater mummy
146640 | Tomb:3   | Killed a greater mummy
146645 | Tomb:3   | Noticed a greater mummy
146652 | Tomb:3   | Killed a greater mummy
146662 | Tomb:3   | HP: 13/287 [mummy priest/divine providence (11)]
146662 | Tomb:3   | Noticed Khufu
146664 | Tomb:3   | Killed by a mummy priest's death curse

Illustrated notes

Levels and vault maps discovered:
D:1:      tarquinn_simple_flora_water_f, layout_loops_corners, st_stairs_13,
          minmay_lizard_pond
D:2:      layout_basic, lemuel_zombie_altar_yredelemnul
D:3:      layout_loops_ring, nicolae_overflow_crystal_walls
D:4:      layout_loops_cross, led_xom_imps, first_ration, serial_shops, shop
D:5:      layout_basic, temple_fountains, chequers_ossuary_entry_cave,
          dk_rats_in_the_wall
D:6:      layout_rooms, grunt_temple_overflow_open, lexackson_kobold_supper
D:7:      minmay_the_grid_triangle_9x9_recursive_2
          [minmay_the_grid_triangle_9x9_prize_schism,
          minmay_the_grid_triangle_9x9_zippers_vertical,
          minmay_the_grid_triangle_9x9_windchime,
          minmay_the_grid_triangle_9x9_longest], layout_basic,
          nicolae_ru_great_annihilating_truth, basic_altar,
          biasface_ghost_orc_armoury, the_bakery, uniq_prince_ribbit1,
          uniq_joseph
D:8:      layout_basic, overflow_temple_1_default, david_lair_generic
D:9:      layout_small_grid, kennysheep_orc_monster_closet_entryway,
          kennysheep_generic_room_7
D:10:     layout_grid_maze, basic_altar
D:11:     layout_grid_maze, basic_altar, minmay_misc_feat_columns,
          serial_bayou_lagoon_a
D:12:     layout_loops_ring, minmay_misc_feat_cross
D:13:     layout_layer_cave, minmay_crystal_box
D:14:     layout_basic, david_vaults_3, hex_intersection
D:15:     gammafunk_enter_depths_forms, layout_gridville,
          grunt_decor_mini_mirrors
Temple:   dpeg_chambers_temple
Lair:1:   layout_loops_ring, minmay_lair_oklob_bushes,
          chequers_serial_rivers_large_a, uniq_fannar
Lair:2:   layout_regular_city, elwin_shoals_entry_stream, uniq_gastronok
Lair:3:   layout_chaotic_city, nicolae_spider_entry_non_spiders,
          serial_bayou_shore_a, uniq_urug
Lair:4:   layout_cave_pods, lemuel_old_faithful, serial_bayou_shore_b
Lair:5:   layout_gridlike, special_room [special_room_bee]
Lair:6:   evil_forest, layout_loops_ring, slime_altar_2, minmay_hedge_maze,
          chequers_serial_rivers_marsh, eino_small_chamber_without_monster,
          roderic_batcave, minivault_23, disabler_island, uniq_snorg
Shoals:1: layout_shoals, nicolae_shoals_aquamancer_cove
Shoals:2: layout_shoals, serial_shops, bzr_in_the_mist,
          nicolae_shoals_dead_sea_scrolls
Shoals:3: layout_shoals, nicolae_shoals_undead_eyrie, uniq_nikola,
          uniq_bai_suzhen, uniq_ilsuiw
Shoals:4: shoals_end_grunt_ice, layout_shoals, serial_shops, shop
Spider:1: layout_spider_delve, gammafunk_ghost_tricky_traps
Spider:2: layout_spider_delve
Spider:3: layout_spider_delve, uniq_jorgrun, uniq_agnes, uniq_arachne
Spider:4: grunt_spider_rune_parallel, uniq_roxanne
Slime:1:  layout_caves
Slime:2:  layout_caves
Slime:3:  layout_caves
Slime:4:  layout_caves
Slime:5
Orc:1:    layout_caves, serial_shops, shop_statue, nicolae_shop_behind_doors,
          special_room [special_room_orc], nicolae_alphabet_shops, uniq_erolcha
Orc:2:    st_orc_ogre_mass, layout_diamond_mine, basic_altar
Elf:1:    minmay_elf_arrival_plus, layout_loops_corners, serial_shops,
          nicolae_shop_temple_entry_statues_fountains
Elf:2:    layout_onion_city, ebering_ghost_disaster_area, serial_shops,
          shop_coins, serial_sigils_hangedman_quiver
Elf:3:    minmay_elf_hall_statues, layout_gridlike, basic_altar,
          hangedman_elven_ridges, uniq_louise, uniq_donald, uniq_aizul
Vaults:1: nicolae_vaults_windows_and_doors_thing, vaults_room_stairs_pillars,
          hangedman_vaults_snaps, grunt_vaults_swirl,
          nicolae_vaults_display_case, v_misc_26,
          nicolae_vaults_little_squares_5, vaults_dpeg_ring,
          vaults_room_stairs_pillars, nicolae_vaults_little_squares_6,
          vaults_room_fours, layout_vaults_omnicross, serial_shops, shop
Vaults:2: vaults_room_semicircle, ontoclasm_vaults_claustrophobia,
          vaults_room_fours, hangedman_vaults_stagger,
          nicolae_vaults_quartermaster, ontoclasm_vaults_ligature,
          ontoclasm_vaults_hangar, nicolae_vaults_little_squares_4,
          minmay_crypt_entry_simple_round, vaults_dpeg_diagonal,
          ontoclasm_vaults_fault, layout_vaults_omnigrid, serial_shops, shop
Vaults:3: v_misc_27, ontoclasm_vaults_spin, ontoclasm_vaults_tryst,
          vaults_mumra_lcd, ontoclasm_vaults_misaligned, v_pattern_3,
          nicolae_vaults_little_squares_3, v_rooms_4,
          nicolae_vaults_angled_halls, ontoclasm_vaults_pinch,
          vaults_mumra_hexcomb, layout_vaults_ring
Vaults:4: v_misc_4, hangedman_vaults_nails, nicolae_vaults_inception_scallops,
          hangedman_vaults_maws, vaults_mumra_minichess,
          vaults_standard_mumra_lines, st_spiral_rooms, dpeg_vaults_monster_row,
          nicolae_vaults_little_ls, nicolae_vaults_specimen_jars, v_misc_13,
          vaults_dpeg_encased_lava, layout_vaults_maze_bifur,
          portal_desolation_entry_garden, serial_shops, bzr_entry_gold,
          shop_statue, shop, nicolae_shop_stone, nicolae_shop_crystal
Vaults:5: serial_shops
Crypt:1:  layout_gridlike, gammafunk_ghost_fury_of_okawaru, minivault_4
Crypt:2:  layout_chaotic_city, uniq_frederick
Crypt:3:  due_elkab, layout_chaotic_city
Tomb:1
Tomb:2:   uniq_sojobo, uniq_mennas
Tomb:3
Depths:1: layout_gridlike, mu_enter_wizlab_4, abyss_entry_flame_altar,
          hell_entry, nemelex_xobeh_ov_fountains_minmay,
          nicolae_trove_entry_diagonal, serial_sigils_hangedman_etch,
          evilmike_spriggan_trog_shrine
Depths:2: kennysheep_cluttered_fort, layout_cave_shapes, enter_ziggurat_e,
          hell_entry, hangedman_abyss_entry_splay,
          chequers_serial_rivers_micro_b, lemuel_statue_altar, uniq_saint_roka
Depths:3: grunt_runaround [grunt_runaround_doors_1, grunt_runaround_doors_2,
          grunt_runaround_doors_3, grunt_runaround_doors_4,
          grunt_runaround_loot], hell_entry, pan_entry, abyss_entry
Depths:4: cross_vault, layout_basic, grunt_pan_entry_zigzag, hell_entry,
          abyss_entry, lemuel_crystal_altar, kennysheep_dice,
          infiniplex_staircase_star, serial_bayou_shore_b, uniq_enchantress,
          uniq_margery
Depths:5: evilmike_zot_entry_castle, layout_cave_pools, abandoned_shop,
          hell_entry
Hell
Dis:1:    layout_gridville
Dis:2:    layout_gridville
Dis:3:    hangedman_iron_city_apartments, layout_subdivisions
Dis:4:    layout_gridville, grunt_dis_stairs_iron_hall
Dis:5:    layout_subdivisions
Dis:6:    layout_gridville
Dis:7:    iron_city_of_dis [dis_mu, dis_wall_6], layout_chaotic_city
Geh:1:    layout_gehenna_pools_triple, grunt_megastairs_5
Geh:2:    layout_gehenna_pools_box
Geh:3:    layout_gehenna_pools_triple
Geh:4:    layout_gehenna_pools_basic, nicolae_geh_sunburst
Geh:5:    layout_gehenna_pools_basic
Geh:6:    layout_gehenna_pools_basic, evilmike_ambush
          [evilmike_ambush_outer_basic, evilmike_ambush_inner_wall_1]
Geh:7:    geh_hangedman
Coc:1:    layout_ice_bergs
Coc:2:    layout_cocytus_water_paths
Coc:3:    layout_ice_bergs
Coc:4:    layout_cocytus_water_paths
Coc:5:    layout_ice_bergs
Coc:6:    layout_cocytus_water_paths
Coc:7:    coc_old
Tar:1:    layout_catacombs, nicolae_tar_cuneiform_heaven, grunt_megastairs_2
Tar:2:    layout_grid_maze, nicolae_tar_cuneiform_three, evilmike_ambush
          [evilmike_ambush_outer_basic, evilmike_ambush_inner_basic]
Tar:3:    layout_cathedral_of_symmetry
Tar:4:    layout_cathedral_of_symmetry
Tar:5:    layout_honeycomb
Tar:6:    layout_cathedral_of_symmetry, nicolae_tar_cuneiform_city,
          nicolae_tar_cuneiform_two
Tar:7:    tar_mu [tar_mu_maze]
Zot:1:    layout_misc_corridors, grunt_ministairs_6
Zot:2:    kennysheep_ambush_hall, layout_misc_corridors, st_stairs_12
Zot:3:    layout_twisted_circle, lemuel_golem_globe
Zot:4:    layout_concentric_octagons
Zot:5:    layout_misc_corridors

Skill      XL: |  1  2  3  4  5  6  7  8  9 10 11 12 13 14 15 16 17 18 19 20 21 22 23 24 25 26 27 |
---------------+----------------------------------------------------------------------------------+-----
Bows           | 6 7 9 10 12 15 17 19 20 22 27 | 27.0
Fighting       | 6 11 13 14 16 19 22 27 | 27.0
Armour         | 2 8 11 13 15 18 27 | 27.0
Maces & Flails | 4 8 |  8.0
Dodging        | 5 9 10 13 14 17 18 24 | 24.5
Hexes          | 3 6 |  6.4
Translocations | 3 5 22 | 22.4
Invocations    | 7 17 | 17.0
Axes           | 27 | 27.0
Spellcasting   | 17 | 17.2
Stealth        | |  0.4

Action                   |  1- 3 |  4- 6 |  7- 9 | 10-12 | 13-15 | 16-18 | 19-21 | 22-24 | 25-27 || total
-------------------------+-------+-------+-------+-------+-------+-------+-------+-------+-------++-------
Melee: Short sword       |    79 |       |       |     6 |       |       |       |       |       ||    85
       Kick              |    13 |       |    15 |     4 |     1 |     4 |     2 |       |  3246 ||  3285
       Rapier            |     8 |       |    56 |       |       |       |       |       |       ||    64
       Longbow           |       |       |       |     2 |     3 |       |       |       |       ||     5
       Dire flail        |       |       |       |       |       |     9 |     9 |       |       ||    18
       Broad axe         |       |       |       |       |       |       |       |       |  7208 ||  7208
       Executioner's axe |       |       |       |       |       |       |       |       |    97 ||    97
       Punch             |       |       |       |       |       |       |       |       |     2 ||     2
 Fire: Shortbow          |    11 |   124 |       |   286 |   174 |       |       |       |       ||   595
       Hunting sling     |    57 |    81 |       |       |       |       |       |       |       ||   138
       Longbow           |       |     7 |   207 |   518 |  1080 |  1786 |  2361 |  1473 |  7093 || 14525
Throw: Stone             |       |       |     2 |     6 |       |       |       |       |       ||     8
       Dart              |       |       |       |       |       |       |       |       |     6 ||     6
 Cast: Portal Projectile |       |       |       |       |       |    10 |     5 |     3 |    73 ||    91
       Apportation       |       |       |       |       |       |       |       |       |    66 ||    66
       Blink             |       |       |       |       |       |       |       |       |    31 ||    31
       Controlled Blink  |       |       |       |       |       |       |       |       |    22 ||    22
Invok: Heroism           |       |       |       |     2 |     7 |    11 |    13 |    10 |    18 ||    61
       Finesse           |       |       |       |       |     3 |     5 |     8 |     9 |     9 ||    34
       Cleansing Flame   |       |       |       |       |       |       |       |       |    60 ||    60
       Divine Shield     |       |       |       |       |       |       |       |       |    19 ||    19
       Summon Divine War |       |       |       |       |       |       |       |       |     5 ||     5
       Brand Weapon With |       |       |       |       |       |       |       |       |     1 ||     1
 Abil: Stop Flying       |       |       |       |       |       |       |       |     1 |       ||     1
       Evoke Flight      |       |       |       |       |       |       |       |     1 |       ||     1
Evoke: Wand              |       |       |       |       |     1 |       |       |     1 |       ||     2
  Use: Scroll            |       |       |     5 |     3 |    10 |     9 |    15 |     6 |    37 ||    85
       Potion            |       |       |       |       |     4 |       |       |     2 |    38 ||    44
  Eat: Chunk             |     4 |     5 |     8 |    19 |    26 |    31 |    30 |    16 |    78 ||   217
       Ration            |       |       |       |       |     1 |       |       |       |    48 ||    49
Armor: Leather armour    |    49 |    34 |    26 |     9 |       |       |       |       |       ||   118
       Troll leather arm |       |       |       |    56 |       |       |       |       |       ||    56
       Ring mail         |       |       |       |    27 |   214 |   115 |   170 |    37 |       ||   563
       Acid dragon scale |       |       |       |       |       |       |       |    92 |  2759 ||  2851
       Skin              |       |       |       |       |       |       |       |     1 |       ||     1
Dodge: Dodged            |    62 |    30 |    53 |    40 |   131 |   156 |   190 |   156 |  3529 ||  4347
Block: Other             |       |       |       |       |       |       |       |       |   220 ||   220
